 Dungeon Crawl Stone Soup version 0.28.0-43-g3370ac3207 (webtiles) character file.

Game seed: 5152905872060742260

928 Ablot the Grasshopper (level 8, -4/48 (63) HPs)
             Began as a Gnoll Warper on Feb 27, 2022.
             Slain by a wight
             ... wielding a +0 flail
              (5 damage)
             ... on level 4 of the Dungeon.
             The game lasted 00:10:02 (6707 turns).

Ablot the Grasshopper (Gnoll Warper)                Turns: 6707, Time: 00:10:02

HP:   -4/48 (63)    AC:  8    Str: 19    XL:     8   Next: 11%
MP:   25/25         EV: 13    Int: 12    God:
Gold: 214           SH:  0    Dex: 12    Spells: 15/18 levels left

rFire   . . .      SeeInvis .   w - +2 dagger (holy)
rCold   . . .      Faith    .   (no shield)
rNeg    . . .      Spirit   .   b - +3 leather armour {rPois}
rPois   +          Reflect  .   n - +0 helmet
rElec   .          Harm     .   q - +0 cloak
rCorr   .          Rampage  .   (no gloves)
Will    .....                   (no boots)
Stlth   ++........              (no amulet)
HPRegen 0.16/turn               l - ring of magical power
MPRegen 0.19/turn               I - +6 ring of strength

@: heavily drained
A: fangs 1, strong nose, distributed training
a: no special abilities


You were on level 4 of the Dungeon.
You visited 1 branch of the dungeon, and saw 5 of its levels.
You also visited: Ossuary.

You collected 214 gold pieces.

Inventory:

Hand Weapons
 a - a +0 spear
 w - a +2 dagger of holy wrath (weapon)
 x - the +7 Throatcutter {drain, coup de grace}
   (You found it on level 3 of the Dungeon)

   A truly terrible weapon, it drains the life of any living foe it strikes.
   It may instantly kill foes which have little health.
Missiles
 d - 5 boomerangs of dispersal (quivered)
 g - 21 bolts
 i - 53 sling bullets
 j - 15 poisoned darts
 o - 132 stones
 y - 27 arrows
Armour
 b - a +3 leather armour of poison resistance (worn)
 n - a +0 helmet (worn)
 q - a +0 cloak (worn)
Jewellery
 l - a ring of magical power (left hand)
 I - a +6 ring of strength (right hand)
Wands
 A - a wand of digging (10)
 B - a wand of flame (19)
Scrolls
 c - a scroll of blinking
 e - 8 scrolls of identify {unknown}
 f - a scroll of immolation {unknown}
 m - 2 scrolls of brand weapon {unknown}
 p - a scroll of noise {unknown}
 r - a scroll of holy word {unknown}
 D - a scroll of summoning {unknown}
 E - 2 scrolls of acquirement {unknown}
 G - a scroll of fear {unknown}
 H - a scroll of enchant weapon {unknown}
Potions
 h - 2 potions of heal wounds {unknown}
 k - a potion of resistance {unknown}
 s - 2 potions of brilliance {unknown}
 t - 3 potions of curing {unknown}
 u - a potion of flight {unknown}
 v - a potion of haste {unknown}
 z - a potion of invisibility {unknown}
 C - a potion of might {unknown}
 F - 4 potions of ambrosia {unknown}


   Skills:
 + Level 5.5 Fighting
 + Level 3.0 Short Blades
 + Level 3.0 Long Blades
 + Level 3.0 Axes
 + Level 3.0 Maces & Flails
 + Level 5.5 Polearms
 + Level 3.0 Staves
 + Level 3.0 Slings
 + Level 3.0 Bows
 + Level 3.0 Crossbows
 + Level 4.0 Throwing
 + Level 4.0 Armour
 + Level 5.5 Dodging
 + Level 3.0 Stealth
 + Level 3.0 Shields
 + Level 3.0 Unarmed Combat
 + Level 5.8 Spellcasting
 + Level 2.4 Conjurations
 + Level 2.4 Hexes
 + Level 2.4 Summonings
 + Level 2.4 Necromancy
 + Level 6.0 Translocations
 + Level 2.4 Transmutations
 + Level 2.4 Fire Magic
 + Level 2.4 Ice Magic
 + Level 2.4 Air Magic
 + Level 2.4 Earth Magic
 + Level 2.4 Poison Magic
 + Level 3.2 Invocations
 + Level 3.0 Evocations


You had 15 spell levels left.
You knew the following spells:

 Your Spells              Type           Power      Damage    Failure   Level
a - Blink                 Tloc           36%        N/A       2%          2
b - Slow                  Hex            36%        N/A       8%          1

Your spell library contained the following spells:

 Spells                   Type           Power      Damage    Failure   Level
 Gell's Gravitas          Tloc           18%        N/A       5%          3
 Lesser Beckoning         Tloc           18%        N/A       5%          3
 Teleport Other           Tloc           18%        N/A       5%          3
 Confusing Touch          Hex            9%         N/A       24%         3
 Vampiric Draining        Necr           9%         2d6       24%         3
 Manifold Assault         Tloc           18%        N/A       43%         5


Dungeon Overview and Level Annotations

Branches:
Dungeon (5/15)            Ossuary (visited)
 Temple: D:4-7

Altars:
Uskayaw
Yredelemnul

Shops:
D:4 (   D:5 (

Annotations:
D:4 2 transporters, Zakn4fein's ghost, novice MiFi


Innate Abilities, Weirdness & Mutations

You have very sharp teeth.
Your uncanny sense of smell can sniff out nearby items.
Your experience applies equally to all skills.


Message History

You barely miss the wight.
The wight is severely damaged.
The wight barely misses you.
You closely miss the wight.
The wight is severely damaged.
The wight completely misses you.
You hit the wight but do no damage. Your bite misses the wight.
The wight is severely damaged.
You barely miss the wight.
The wight is severely damaged.
The wight closely misses you.
You hit the wight but do no damage.
The wight is severely damaged.
The wight hits you with a +0 flail!
You are too injured to fight recklessly!
You are too injured to fight recklessly!
You are too injured to fight recklessly!
You are too injured to fight recklessly!
You are too injured to fight recklessly!
You are too injured to fight recklessly!
You are too injured to fight recklessly!
You are too injured to fight recklessly!
You are too injured to fight recklessly!
You are too injured to fight recklessly!
You are too injured to fight recklessly!
You are too injured to fight recklessly!
You are too injured to fight recklessly!
You hit the wight.
The wight convulses.
Your bite misses the wight.
The wight is almost destroyed.
The wight barely misses you.
You hit the wight.
The wight convulses.
The wight is almost destroyed.
The wight hits you with a +0 flail.
* * * LOW HITPOINT WARNING * * *
You barely miss the wight.
The wight is almost destroyed.
The wight hits you with a +0 flail!
* * * LOW HITPOINT WARNING * * *
You feel drained.
You die...

##### ####.##.# #. ....#
#.#..# #. ###.# #.#.## #.
###.######### #.#.# #.
............####### #.#.# #.
..................# #.#.# #.
.#########...####.# #.#.# #.
##......o##..####z# #.#.# #.
#8..#.#..8#.....@.# #.#.# #.
#..#...#oW#...###.######.#.#
#. #........o#...#
#..........# #.
#....©...!#©..# #.######.#.#
#. #........)#..##
#.#......#.#####.
#..#...#..#..#
#................
#8..#.#..8#..#
#.#.#.####.######
##©......##..# #>#.#.# #.#
.#########...####.#.#.# #.#


You could see a wight, an orc wizard and Zakn4fein's ghost.

Vanquished Creatures
  A sky beast (D:5)
  An ogre (D:5)
  A necrophage (D:5)
  An elf zombie (Ossuary)
  A wyvern zombie (D:5)
  A scorpion (D:4)
  A wight (D:4)
  A centaur zombie (Ossuary)
  A hound (D:3)
  An orc priest (D:4)
  A human zombie (Ossuary)
  Ijyb (D:4)
  4 iguanas
  Robin (D:2)
  2 mummies (Ossuary)
  An adder (D:2)
  2 white imps
  An ufetubus (D:4)
  3 adder zombies (Ossuary)
  A worm (D:3)
  4 dart slugs
  5 orcs
  5 endoplasms
  A giant cockroach (D:4)
  8 goblins
  9 hobgoblins
  2 jackals (D:2)
  7 kobolds
  6 quokkas
  6 ball pythons
  3 bats (D:1)
  3 frilled lizards
  2 goblin zombies (Ossuary)
  10 hobgoblin zombies (Ossuary)
  A jackal zombie (Ossuary)
  6 kobold zombies (Ossuary)
  11 orc zombies (Ossuary)
  4 rats (D:1)
  A rat zombie (Ossuary)
121 creatures vanquished.

Vanquished Creatures (others)
  5 plants (D:3)
5 creatures vanquished.

Grand Total: 126 creatures vanquished

Notes
Turn   | Place    | Note
-------+----------+-------------------------------------------
     0 | D:1      | Ablot the Gnoll Warper began the quest for the Orb.
     0 | D:1      | Reached XP level 1. HP: 20/20 MP: 6/6
   179 | D:1      | Reached XP level 2. HP: 21/26 MP: 7/7
   185 | D:1      | Learned a level 2 spell: Blink
   681 | D:1      | Reached XP level 3. HP: 31/31 MP: 9/9
   807 | D:1      | You fall into a shaft and drop 1 floor!
   814 | D:2      | Reached skill level 5 in Spellcasting
  1000 | D:2      | Found a basalt altar of Yredelemnul.
  1300 | D:2      | Reached skill level 1 in Invocations
  1509 | D:2      | Noticed Robin
  1966 | D:1      | Reached skill level 1 in Short Blades
  1966 | D:1      | Reached skill level 1 in Long Blades
  1966 | D:1      | Reached skill level 1 in Axes
  1966 | D:1      | Reached skill level 1 in Maces & Flails
  1966 | D:1      | Reached skill level 1 in Staves
  1966 | D:1      | Reached skill level 1 in Slings
  1966 | D:1      | Reached skill level 1 in Bows
  1966 | D:1      | Reached skill level 1 in Crossbows
  1966 | D:1      | Reached skill level 1 in Stealth
  1966 | D:1      | Reached skill level 1 in Shields
  1966 | D:1      | Reached skill level 1 in Unarmed Combat
  1966 | D:1      | Reached skill level 1 in Evocations
  2011 | D:2      | Killed Robin
  2012 | D:2      | Reached XP level 4. HP: 37/38 MP: 11/11
  2911 | D:3      | Reached skill level 1 in Conjurations
  2911 | D:3      | Reached skill level 1 in Hexes
  2911 | D:3      | Reached skill level 1 in Summonings
  2911 | D:3      | Reached skill level 1 in Necromancy
  2911 | D:3      | Reached skill level 1 in Transmutations
  2911 | D:3      | Reached skill level 1 in Fire Magic
  2911 | D:3      | Reached skill level 1 in Ice Magic
  2911 | D:3      | Reached skill level 1 in Air Magic
  2911 | D:3      | Reached skill level 1 in Earth Magic
  2911 | D:3      | Reached skill level 1 in Poison Magic
  2965 | D:3      | Reached XP level 5. HP: 21/43 MP: 12/12
  3259 | D:3      | Found the +7 Throatcutter {drain, coup de grace}
  3268 | D:3      | Found a faded altar of an unknown god.
  3739 | D:4      | Found Diago's Antique Weapon Shop.
  3770 | D:4      | Reached XP level 6. HP: 42/50 MP: 13/13
  3820 | D:4      | Found a transporter.
  3822 | D:4      | Noticed Zakn4fein's ghost (novice MiFi)
  3823 | D:4      | Found a transporter.
  3852 | D:4      | Noticed Ijyb
  3857 | D:4      | Killed Ijyb
  4127 | D:4      | Reached skill level 5 in Fighting
  4127 | D:4      | Reached skill level 5 in Polearms
  4127 | D:4      | Reached skill level 5 in Dodging
  4447 | D:4      | Learned a level 1 spell: Slow
  4509 | D:5      | Entered Level 5 of the Dungeon
  4739 | D:5      | Noticed a +0 spear
  4740 | D:5      | Noticed a +0 falchion
  4740 | D:5      | Noticed a +0 dagger
  4740 | D:5      | Noticed a +0 spear
  4741 | D:5      | Noticed a +0 short sword
  4741 | D:5      | Noticed a +0 dagger
  4742 | D:5      | Noticed a +0 falchion
  4743 | D:5      | Noticed a +0 short sword
  4747 | D:5      | Found a hide-covered altar of Uskayaw.
  4747 | D:5      | Identified the +0 leather armour of the Old and Reckless
                  | {Str+5}
  4753 | D:5      | Found Xeitoov's Antique Weapon Shoppe.
  4754 | D:5      | Noticed a necrophage
  4770 | D:5      | Killed a necrophage
  4831 | D:5      | Reached XP level 7. HP: 56/56 MP: 15/15
  4849 | D:5      | Found a sand-covered staircase.
  4857 | Ossuary  | Entered an ossuary
  5940 | D:5      | Reached skill level 6 in Translocations
  5940 | D:5      | Reached XP level 8. HP: 20/63 MP: 16/16
  6707 | D:4      | HP: 1/50 [wight/+0 flail (12)]
  6707 | D:4      | Slain by a wight

Illustrated notes

Levels and vault maps discovered:
D:1:      pf_arrival_petrified_forest, layout_basic, minmay_tripent
D:2:      layout_loops_cross, basic_altar, chequers_serial_rivers_micro_a,
          uniq_robin
D:3:      layout_basic, dreamdust_ecumenical_altar_hidden_monk_grotto,
          serial_bayou, serial_bayou_pond_e, serial_bayou_pond_e,
          serial_bayou_crossing, serial_bayou_pond_c,
          hangedman_decor_clover_reticule
D:4:      layout_loops_ring, gammafunk_ghost_arena, serial_shops, shop,
          uniq_ijyb
D:5:      layout_gridville, nicolae_uskayaw_en_pointe, serial_shops,
          nicolae_shop_crystal, lightli_ossuary_entry_decrepit_ruins

Skill      XL: |  1  2  3  4  5  6  7  8 |
---------------+-------------------------+-----
Spellcasting   | 5 |  5.8
Invocations    | 1 2 3 |  3.2
Short Blades   | 1 2 3 |  3.0
Long Blades    | 1 2 3 |  3.0
Axes           | 1 2 3 |  3.0
Maces & Flails | 1 2 3 |  3.0
Staves         | 1 2 3 |  3.0
Slings         | 1 2 3 |  3.0
Bows           | 1 2 3 |  3.0
Crossbows      | 1 2 3 |  3.0
Stealth        | 1 2 3 |  3.0
Shields        | 1 2 3 |  3.0
Unarmed Combat | 1 2 3 |  3.0
Evocations     | 1 2 3 |  3.0
Conjurations   | 1 2 |  2.4
Hexes          | 1 2 |  2.4
Summonings     | 1 2 |  2.4
Necromancy     | 1 2 |  2.4
Transmutations | 1 2 |  2.4
Fire Magic     | 1 2 |  2.4
Ice Magic      | 1 2 |  2.4
Air Magic      | 1 2 |  2.4
Earth Magic    | 1 2 |  2.4
Poison Magic   | 1 2 |  2.4
Throwing       | 3 4 |  4.0
Armour         | 3 4 |  4.0
Fighting       | 5 |  5.5
Polearms       | 5 |  5.5
Dodging        | 5 |  5.5
Translocations | 6 |  6.0

Action                   |  1- 3 |  4- 6 |  7- 9 || total
-------------------------+-------+-------+-------++-------
Melee: Spear             |   109 |   118 |       ||   227
       Bite              |     4 |    19 |    33 ||    56
       Punch             |     2 |     2 |     8 ||    12
       Long sword        |       |    46 |    19 ||    65
       Dagger            |       |    12 |   188 ||   200
 Cast: Blink             |       |       |     3 ||     3
 Stab: Sleeping          |     1 |     5 |       ||     6
Armor: Leather armour    |    24 |    34 |    94 ||   152
Dodge: Dodged            |    58 |   109 |   157 ||   324
